Map: Orbital Shipyard

Players

Roshambizzle

  • Race: Protoss Protoss
  • League: Grandmaster

Joesus - Winner!

  • Race: Terran Terran
  • League: Grandmaster

VOD

https://www.youtube.com/watch?v=CZm4dW75CDg

Description

Time

  • Played on: June 22, 2015, 3:48 a.m.
  • Length: 10:35
Show
View Real Time Build Order
Export as new Build Order

Roshambizzle Protoss 

Build Orders: 1 Gate Expand 

Get SALT Encoding   

  12  0:00  Probe  
  13  0:15  Pylon  
  13  0:18  Probe  
  14  0:33  Probe  
  15  0:38  Gateway  
  15  0:45  Probe  
  16  0:57  Probe (Chrono Boost)  
  17  1:09  Probe (Chrono Boost)  
  18  1:17  Probe (Chrono Boost)  
  19  1:26  Probe  
  19  1:28  Nexus  
  20  1:38  Probe  
  21  2:02  Probe  
  21  2:06  Assimilator  
  22  2:11  Gateway, Assimilator  
  22  2:12  Pylon  
  21  2:17  Cybernetics Core  
  21  2:18  Probe  
  22  2:30  Zealot  
  22  2:37  Probe (Chrono Boost)  
  25  2:40  Probe (Chrono Boost)  
  26  2:48  Probe (Chrono Boost)  
  26  2:51  Probe (Chrono Boost)  
  28  2:53  Warp Gate (Chrono Boost)  
  28  2:57  Stalker  
  30  2:58  Zealot  
  30  2:59  Probe (Chrono Boost)  
  30  3:05  Probe (Chrono Boost)  
  34  3:10  Probe (Chrono Boost)  
  35  3:14  Mothership Core (Chrono Boost)  
  35  3:16  Probe  
  38  3:23  Pylon  
  38  3:28  Probe  
  38  3:29  Zealot  
  38  3:31  Stalker  
  43  3:34  Probe  
  43  3:41  Probe  
  45  3:46  Probe  
  45  3:48  Pylon  
  46  4:07  Robotics Facility  
  46  4:11  Twilight Council  
  46  4:12  Probe (Chrono Boost)  
  46  4:13  Probe (Chrono Boost)  
  46  4:15  Assimilator  
  48  4:19  Assimilator  
  48  4:22  Sentry  
  48  4:24  Probe x2 (Chrono Boost), Zealot  
  52  4:30  Probe x2 (Chrono Boost)  
  56  4:43  Gateway  
  56  4:45  Gateway  
  56  4:57  Probe x2  
  58  5:04  Observer  
  59  5:09  Probe  
  60  5:17  Pylon  
  60  5:21  Pylon  
  60  5:30  Pylon  
  60  5:35  Probe x2  
  62  5:47  Probe x2  
  64  5:56  Gateway  
  64  5:58  Zealot x4  
  64  6:00  Blink (Chrono Boost)  
  64  6:03  Immortal  
  71  6:22  Nexus  
  71  6:25  Stalker  
  71  6:26  Stalker x2  
  75  6:53  Pylon  
  75  7:06  Pylon  
  75  7:09  Pylon  
  75  7:11  Immortal  
  75  7:14  Stalker  
  75  7:15  Zealot x2  
  84  7:29  Forge  
  84  7:30  Forge  
  84  7:33  Zealot x2  
  84  7:35  Gateway x2  
  84  7:36  Gateway  
  88  7:39  Pylon  
  88  7:49  Probe x2  
  90  7:52  Pylon  
  90  8:01  Stalker x2, Probe  
  90  8:02  Stalker, Zealot  
  90  8:03  Zealot  
  90  8:04  Charge (Chrono Boost)  
  83  8:38  Zealot  
  83  8:39  Zealot x3  
  91  9:07  Probe (Chrono Boost)  
  92  9:14  Pylon  
  92  9:17  Pylon  
  92  9:27  Templar Archives  
  92  9:32  Probe x2  
  94  9:42  Forge  
  94  9:44  Probe x2  
  96  9:48  Zealot x4  
  96  9:49  Zealot x2  
  106  9:56  Probe  
Show
View Real Time Build Order
Export as new Build Order

Joesus Terran - Winner!

Build Orders:  

Get SALT Encoding   

  12  0:01  SCV  
  13  0:13  SCV  
  14  0:18  Supply Depot  
  14  0:25  SCV  
  15  0:32  Refinery  
  15  0:39  SCV  
  16  0:45  Barracks  
  16  0:51  SCV  
  17  1:03  SCV  
  18  1:19  SCV  
  19  1:31  SCV  
  20  1:44  Orbital Command  
  20  1:48  Marine  
  20  1:50  Factory  
  21  2:05  Command Center  
  20  2:17  Marine  
  20  2:20  Supply Depot  
  21  2:24  Refinery  
  21  2:27  SCV  
  22  2:37  Starport  
  22  2:40  Factory Tech Lab  
  22  2:48  SCV  
  23  3:02  SCV  
  23  3:03  Supply Depot  
  23  3:05  Marine  
  25  3:13  Barracks  
  25  3:32  Orbital Command  
  26  3:34  SCV, Barracks Reactor  
  26  3:46  SCV, Medivac  
  29  3:58  SCV x2  
  31  4:04  Barracks Reactor  
  31  4:08  Engineering Bay  
  31  4:10  SCV, Marine x2  
  31  4:16  Medivac  
  36  4:17  SCV  
  36  4:22  SCV  
  38  4:29  Factory Reactor  
  38  4:30  Marine x2  
  40  4:33  SCV  
  40  4:34  SCV  
  40  4:36  Refinery  
  42  4:40  Refinery  
  42  4:45  SCV, Marine x2  
  45  4:46  SCV  
  45  4:47  Unknown  
  45  4:48  Marine x2  
  48  4:55  Barracks  
  48  5:02  Missile Turret  
  48  5:06  Marine x2  
  50  5:07  Marine x2  
  50  5:08  SCV  
  53  5:14  SCV  
  54  5:24  Factory Tech Lab, Missile Turret  
  54  5:35  Supply Depot  
  54  5:36  Supply Depot  
  54  5:39  Supply Depot  
  54  5:44  Stimpack  
  54  5:54  Missile Turret  
  54  5:55  Terran Infantry Weapons Level 1  
  54  5:56  Marine x3  
  62  5:57  SCV x2, Siege Tank  
  62  6:02  Engineering Bay  
  62  6:04  Supply Depot  
  62  6:07  Supply Depot  
  62  6:09  SCV x2  
  64  6:16  Missile Turret  
  64  6:34  Marine x3  
  64  6:35  Marine  
  64  6:36  Medivac x2  
  64  6:38  Missile Turret  
  72  6:41  Marauder  
  72  6:43  SCV, Siege Tank  
  72  6:44  SCV  
  79  6:47  Command Center  
  79  7:03  Missile Turret  
  79  7:17  Marine x4  
  83  7:24  Marauder  
  83  7:25  Siege Tank, Medivac x2  
  83  7:26  SCV x2  
  83  7:27  Barracks  
  83  7:28  Terran Infantry Armor Level 1  
  94  7:33  Armory  
  94  7:35  Supply Depot  
  94  7:56  SCV x2  
  96  7:59  Marine x4  
  96  8:02  Siege Tank, Medivac x2  
  96  9:01  Marine x3  
  96  9:02  Marine  
  97  9:03  Marauder  
  97  9:05  Barracks Reactor  
  97  9:10  Orbital Command  
  97  9:11  Barracks  
  97  9:15  Barracks  
  97  9:31  Command Center  
  96  10:06  Marine  
  102  10:07  Marine  
  102  10:08  Marine  
Tags
 
Add a new tag
Caveats
  • Supply blocks, unpowered buildings, or Contaminate may cause inaccurate times.
  • Supply counts are checked every 10 seconds.